 Dungeon Crawl Stone Soup version 0.25-a0-341-g6f074c887a (webtiles) character file.

Game seed: 9524630295608622135, levelgen mode: deterministic

0 Gargoyl the Skirmisher (level 1, 0/19 HPs)
             Began as a Centaur Abyssal Knight on Dec 30, 2019.
             Was a Follower of Lugonu.
             Slain by a ynoxinul (7 damage)
             ... on level 1 of the Abyss.
             The game lasted 00:00:34 (140 turns).

Gargoyl the Skirmisher (Centaur Abyssal Knight)      Turns: 140, Time: 00:00:34

Health: 0/19       AC:  4    Str: 14    XL:     1   Next: 0%
Magic:  2/2        EV:  9    Int: 11    God:    Lugonu [*.....]
Gold:   0          SH:  0    Dex:  8    Spells: 0/0 levels left

rFire    . . .     SeeInvis .   a - +1 hand axe
rCold    . . .     Gourm    .   (no shield)
rNeg     . . .     Faith    .   b - +0 leather armour
rPois    .         Spirit   .   (no helmet)
rElec    .         Reflect  .   (no cloak)
rCorr    .         Harm     .   (no gloves)
MR       .....     Rnd*Rage +   (no barding)
Stlth    ..........             (no amulet)
HPRegen  0.00/turn              (no ring)
MPRegen  0.08/turn              (no ring)

@: non-regenerating, diseased, very quick
A: large, hooves 3, berserk 1, deformed body, speed 2, tough skin 3
a: Depart the Abyss, Renounce Religion


You were on level 1 of the Abyss.
You worshipped Lugonu.
Lugonu was aware of your devotion.
You were not hungry.

You visited 0 branches of the dungeon, and saw 0 of its levels.
You visited the Abyss 1 time.

Inventory:

Hand Weapons
 a - a +1 hand axe (weapon)
Armour
 b - a +0 leather armour (worn)
Comestibles
 c - a ration


   Skills:
 + Level 3.0 Fighting
 + Level 1.7 Axes
 + Level 1.3 Armour
 + Level 0.6 Dodging
 + Level 2.0 Invocations


You couldn't memorise any spells.
You didn't know any spells.
Your spell library was empty.

Dungeon Overview and Level Annotations

Branches:
Dungeon (0/15)

Altars:


Innate Abilities, Weirdness & Mutations

You have hooves in place of feet.
Armour fits poorly on your strangely shaped body.
You cover ground very quickly.
You have extremely tough skin. (AC +3)
You tend to lose your temper in combat.


Message History

You are suddenly pulled into a different region of the Abyss!
Found a mace.
Found a hand axe.
A tentacled starspawn comes into view.
A tentacle flies out from the starspawn's body!
A starspawn tentacle comes into view.
A lich comes into view.
A ynoxinul comes into view.
The ynoxinul bellows!
You feel yourself growing ill in the presence of the ancient zyme.
Found 13 gold pieces.
An orange demon comes into view.
You feel ill.
You barely miss the ynoxinul.
The orange demon screeches!
The ynoxinul hits you. x2
You hit the ynoxinul but do no damage. Your kick misses the ynoxinul.
The ynoxinul gestures.
You barely miss the ynoxinul. The ynoxinul hits you!
You die...

##### ####
#@#.###. ...
##3# .§§#..
#.x5##.§#. # #
..
##....##..#.#...
#.$#.4.#.. ..#..
#..#.#.#..#
..#..
.......#..##
.#.. #..
....#..#. ... .
####.#....#.. ..
.


You could see an orange demon, an ancient zyme, a ynoxinul and an ufetubus.

Vanquished Creatures (others)
  2 starspawn tentacles (Abyss:1)
2 creatures vanquished.

Notes
Turn   | Place    | Note
-------+----------+-------------------------------------------
     0 | Abyss:1  | Gargoyl the Centaur Abyssal Knight began the quest for the
                  | Orb.
     0 | Abyss:1  | Reached XP level 1. HP: 19/19 MP: 2/2
    47 | Abyss:1  | Noticed a neqoxec
    47 | Abyss:1  | Noticed a chaos spawn
    52 | Abyss:1  | Gained mutation: You tend to lose your temper in combat. [a
                  | neqoxec]
   114 | Abyss:1  | Noticed a tentacled starspawn
   116 | Abyss:1  | Noticed a lich
   129 | Abyss:1  | Noticed an ancient zyme
   129 | Abyss:1  | Noticed a ynoxinul
   135 | Abyss:1  | Noticed an orange demon
   140 | Abyss:1  | Slain by a ynoxinul

Levels and vault maps discovered:
Abyss:1:  hangedman_abyss_monster_moat, hangedman_abyss_monster_moat

Action                   || total
-------------------------++-------
Melee: Hand axe          ||     3
  Use: Scroll            ||     1

Table legend:
 A = Non-vault XP
 B = Vault XP
 C = Vault XP percentage of total XP
 D = Non-vault monster count
 E = Vault monster count
 F = Vault count percentage of total count
                 A         B        C        D         E       F
            +---------+---------+-------+---------+---------+-------
      Total |       0 |       0 |   N/A |       0 |       0 |  -nan
            +---------+---------+-------+---------+---------+-------
            +---------+---------+-------+---------+---------+-------
